 Dungeon Crawl Stone Soup version 0.27-a0-819-g058290f16d (webtiles) character file.

Game seed: 10300418366099644935

9 jiml777 the Gusty (level 2, -1/19 HPs)
             Began as a Human Air Elementalist on Mar 29, 2021.
             Slain by a worm (9 damage)
             ... on level 2 of the Dungeon.
             The game lasted 00:03:17 (451 turns).

jiml777 the Gusty (Human Air Elementalist)           Turns: 451, Time: 00:03:18

Health: -1/19      AC:  2    Str:  8    XL:     2   Next: 20%
Magic:  0/5        EV: 12    Int: 15    God:
Gold:   6          SH:  0    Dex: 13    Spells: 4/5 levels left

rFire    . . .     SeeInvis .   b - +0 mace
rCold    . . .     Faith    .   (no shield)
rNeg     . . .     Spirit   .   a - +0 robe
rPois    .         Reflect  .   (no helmet)
rElec    .         Harm     .   (no cloak)
rCorr    .         Rampage  .   (no gloves)
Will     .....                  (no boots)
Stlth    ++........             (no amulet)
HPRegen  0.06/turn              (no ring)
MPRegen  0.09/turn              (no ring)

@: no status effects
A: no striking features
a: no special abilities


You were on level 2 of the Dungeon.
You visited 1 branch of the dungeon, and saw 2 of its levels.

You collected 6 gold pieces.

Inventory:

Hand Weapons
 b - a +0 mace (weapon)
Missiles
 c - 13 poisoned darts
Armour
 a - a +0 robe (worn)


   Skills:
 + Level 2.1 Dodging
 + Level 2.1 Stealth
 + Level 2.2 Spellcasting
 + Level 1.0 Conjurations
 + Level 3.1 Air Magic


You had 4 spell levels left.
You knew the following spells:

 Your Spells              Type           Power      Damage    Failure   Level
a - Shock                 Conj/Air       32%        1d5       9%          1

Your spell library contained the following spells:

 Spells                   Type           Power      Damage    Failure   Level
 Swiftness                Air            11%        N/A       9%          2
 Static Discharge         Conj/Air       8%         N/A       26%         3
 Airstrike                Air            5%         N/A       50%         4
 Confusing Touch          Hex            1%         N/A       54%         3
 Gell's Gravitas          Tloc           0%         N/A       54%         3
 Petrify                  Tmut/Erth      1%         N/A       91%         4
 Lightning Bolt           Conj/Air       4%         1d15      94%         5
 Metabolic Englaciation   Hex/Ice        0%         N/A       99%         5
 Yara's Violent Unravell  Hex/Tmut       0%         3d3       99%         5


Dungeon Overview and Level Annotations

Branches:
Dungeon (1/15)

Altars:


Message History

Aiming: Shock (safe; 9% risk of failure)
Press: ? - help, Shift-Dir - straight line, f/p - worm
Aim: a worm (lightly wounded, 11% to evade)
The zap hits the worm.
The worm is lightly wounded.
Casting: Shock (safe; 9% risk of failure)
Confirm with . or Enter, or press ? or * to list all spells.
Aiming: Shock (safe; 9% risk of failure)
Press: ? - help, Shift-Dir - straight line, f/p - worm
Aim: a worm (lightly wounded, 11% to evade)
The zap hits the worm.
The worm is lightly wounded.
Casting: Shock (safe; 9% risk of failure)
Confirm with . or Enter, or press ? or * to list all spells.
Aiming: Shock (safe; 9% risk of failure)
Press: ? - help, Shift-Dir - straight line, f/p - worm
Aim: a worm (lightly wounded, 11% to evade)
The zap misses the worm.
Casting: Shock (safe; 9% risk of failure)
Confirm with . or Enter, or press ? or * to list all spells.
Aiming: Shock (safe; 9% risk of failure)
Press: ? - help, Shift-Dir - straight line, f/p - worm
Aim: a worm (11% to evade)
The zap misses the worm.
Casting: Shock (safe; 9% risk of failure)
Confirm with . or Enter, or press ? or * to list all spells.
Aiming: Shock (safe; 9% risk of failure)
Press: ? - help, Shift-Dir - straight line, f/p - worm
Aim: a worm (11% to evade)
The zap hits the worm.
The worm is lightly wounded.
The worm bites you!
Ouch! That really hurt!
You hit the worm but do no damage.
The worm is lightly wounded.
The worm closely misses you.
You hit the worm.
The worm is moderately wounded.
The worm bites you!
You die...

#.## #..# ##.# #.#
#†# #.## #>.#
##.######
#..@w..########
######........######
########.......
########


You could see a worm.

Vanquished Creatures
  An endoplasm (D:2)
  A goblin (D:2)
  3 hobgoblins (D:2)
  A ball python (D:1)
  A bat (D:2)
  A rat (D:1)
8 creatures vanquished.

Notes
Turn   | Place    | Note
-------+----------+-------------------------------------------
     0 | D:1      | jiml777 the Human Air Elementalist began the quest for the
                  | Orb.
     0 | D:1      | Reached XP level 1. HP: 13/13 MP: 3/3
    38 | D:1      | You fall into a shaft and drop 1 floor!
    42 | D:2      | Noticed an ogre
   333 | D:2      | Reached XP level 2. HP: 18/19 MP: 0/5
   451 | D:2      | Slain by a worm

Illustrated notes

Levels and vault maps discovered:
D:1:      elethiomel_arrival_infinity_welcomes_careful_drivers, layout_basic,
          minmay_heptomino_l4
D:2:      layout_rooms, nicolae_overflow_hidden_temple, serial_shops, shop

Action                   || total
-------------------------++-------
Melee: Mace              ||     6
 Cast: Shock             ||    19
Armor: Robe              ||     3
Dodge: Dodged            ||     6

Table legend: (Time is in decaauts)
 A = Elapsed time spent in this place.
 B = Non-inter-level travel time spent in this place.
 C = Inter-level travel time spent in this place.
 D = Time resting spent in this place.
 E = Time spent auto-exploring this place.
 F = Levels seen in this place.
 G = Mean time per level.
                   A        B        C        D        E       F      G
               +--------+--------+--------+--------+--------+-----+--------+
         Total |    452 |    452 |      0 |    301 |     29 |   2 |  226.0 |
       Dungeon |    452 |    452 |      0 |    301 |     29 |   2 |  226.0 |
               +--------+--------+--------+--------+--------+-----+--------+

Top non-repeatable levels by time:
     D:2: 414 daAuts
     D:1: 38 daAuts
